Map: [ESL] Data-C

Players

Serral

  • Race: Zerg Zerg
  • Spawn Location: 3:00

ByuN - Winner!

  • Race: Terran Terran
  • Spawn Location: 9:00

Event: HomeStory Cup XXII

VOD

Have the link to the VOD?

Description

Time

  • Played on: Dec. 17, 2022, 12:23 p.m.
  • Length: 11:56

All games in this series

Show
View Real Time Build Order
Export as new Build Order

Serral Zerg 

Build Orders: Hatch First 

Get SALT Encoding   

  12  0:00  Drone  
  13  0:12  Overlord  
  13  0:16  Drone  
  14  0:30  Drone x2  
  16  0:48  Hatchery  
  15  0:50  Drone  
  15  0:54  Drone  
  17  0:58  Drone  
  18  1:08  Extractor  
  17  1:13  Spawning Pool  
  17  1:16  Drone  
  17  1:20  Drone  
  18  1:28  Drone  
  19  1:38  Drone  
  20  1:49  Drone  
  21  1:59  Queen x2  
  21  2:00  Zergling x2  
  26  2:03  Drone  
  27  2:10  Overlord  
  27  2:11  Drone  
  28  2:23  Hatchery  
  28  2:27  Drone  
  28  2:29  Drone  
  29  2:32  Drone x2  
  31  2:37  Metabolic Boost  
  31  2:44  Queen  
  31  2:49  Overlord  
  31  2:51  Drone  
  34  2:53  Drone  
  34  2:55  Drone  
  35  3:06  Overlord  
  35  3:07  Drone x3  
  35  3:08  Drone  
  39  3:14  Queen  
  39  3:15  Drone  
  39  3:17  Drone  
  43  3:23  Queen  
  45  3:27  Overlord  
  45  3:30  Drone  
  46  3:35  Queen  
  46  3:36  Drone x2  
  46  3:40  Zergling x2  
  51  3:43  Drone x3  
  51  3:47  Overlord  
  54  3:51  Queen  
  54  3:53  Zergling x2  
  54  3:54  Drone  
  58  3:59  Drone x3  
  61  4:04  Queen  
  61  4:07  Baneling Nest  
  61  4:09  Zergling x2  
  63  4:15  Overlord  
  63  4:16  Zergling x2  
  64  4:17  Drone x3  
  64  4:20  Overlord  
  67  4:26  Overlord  
  67  4:27  Zergling x2  
  67  4:28  Drone x2  
  67  4:29  Drone  
  71  4:35  Lair  
  71  4:36  Queen  
  71  4:37  Extractor  
  72  4:40  Queen  
  72  4:42  Overlord  
  72  4:45  Zergling x4  
  75  4:47  Drone x2  
  75  4:49  Drone x2  
  79  4:54  Zergling x8  
  79  4:59  Overlord  
  83  5:03  Zergling x2  
  83  5:04  Extractor  
  83  5:06  Zergling x4  
  83  5:07  Zergling x4  
  87  5:10  Overlord  
  87  5:12  Drone x3  
  87  5:13  Drone  
  91  5:15  Drone  
  91  5:18  Drone x3  
  95  5:25  Overlord  
  95  5:27  Zergling x4  
  97  5:30  Hatchery  
  97  5:31  Baneling x6  
  97  5:35  Centrifugal Hooks  
  96  5:37  Zergling x6  
  99  5:44  Zergling x8  
  103  5:51  Zergling x6  
  103  5:52  Zergling x8  
  108  6:02  Drone  
  107  6:05  Zergling x10  
  107  6:06  Extractor, Evolution Chamber x2  
  107  6:08  Overlord  
  109  6:19  Zergling x8  
  112  6:26  Zergling x4  
  113  6:34  Zerg Ground Armor Level 1, Zerg Melee Weapons Level 1  
  113  6:37  Overlord  
  112  6:40  Drone  
  112  6:43  Drone, Extractor  
  112  6:44  Zergling x14, Drone x2  
  112  6:45  Overseer  
  122  6:53  Pneumatized Carapace  
  122  6:54  Drone x2  
  123  6:56  Drone x2  
  123  6:57  Drone x3  
  123  6:58  Overseer, Queen  
  130  7:05  Drone x5  
  134  7:12  Spore Crawler, Extractor  
  134  7:13  Baneling x2, Drone x2  
  134  7:14  Baneling  
  134  7:15  Overseer  
  134  7:17  Drone, Burrow  
  134  7:18  Zergling x6, Drone  
  134  7:22  Zergling x4  
  141  7:26  Zergling x6  
  144  7:31  Baneling x3  
  144  7:32  Baneling x7  
  144  7:34  Overlord  
  144  7:38  Overlord  
  144  7:39  Overlord  
  143  7:45  Drone  
  143  7:50  Infestation Pit, Drone  
  143  7:52  Drone x3  
  143  7:53  Zergling x2, Drone x3  
  143  7:54  Zergling x2  
  143  7:56  Hatchery  
  143  7:58  Zergling x8  
  154  8:05  Zergling x6  
  145  8:09  Hydralisk Den  
  145  8:12  Zergling x20  
  142  8:21  Zergling x2  
  142  8:22  Zergling x6  
  142  8:26  Hive  
  138  8:28  Baneling x5  
  138  8:29  Zerg Melee Weapons Level 2  
  138  8:31  Zergling x12  
  144  8:35  Zerg Ground Armor Level 2  
  144  8:38  Zergling x12  
  144  8:40  Queen  
  144  8:41  Queen  
  154  8:44  Spore Crawler  
  154  8:45  Grooved Spines  
  153  8:49  Drone x3, Extractor  
  153  8:50  Overlord x2  
  155  8:57  Zergling x10  
  158  9:12  Hydralisk x8  
  158  9:16  Zergling x20  
  180  9:20  Baneling x2  
  180  9:21  Baneling x3  
  180  9:23  Baneling  
  180  9:28  Zergling x2  
  180  9:29  Zergling x12  
  178  9:31  Baneling x5  
  178  9:35  Overlord  
  178  9:36  Zergling x2  
  179  9:40  Zergling x8  
  179  9:44  Overseer  
  183  9:51  Baneling x3  
  183  9:52  Zergling x22, Baneling x4  
  190  9:56  Muscular Augments  
  190  9:59  Baneling x6  
  184  10:04  Zergling x12  
  184  10:06  Zergling x2  
  151  10:10  Zergling x2  
  151  10:11  Zergling x8  
  151  10:19  Hydralisk  
  151  10:20  Zergling x8, Hydralisk  
  153  10:26  Zergling x8  
  152  10:31  Zergling x2  
  152  10:32  Queen x2  
  152  10:33  Zergling x2  
  152  10:34  Zergling x4, Baneling x2  
  162  10:40  Baneling x6  
  162  10:41  Queen, Drone x5  
  170  10:51  Zergling x8  
  167  10:58  Zergling x8  
  167  11:01  Viper  
  168  11:06  Zergling x6  
  164  11:13  Zergling x8  
  163  11:20  Zergling x6  
  163  11:24  Hatchery  
  157  11:26  Zergling x4  
  157  11:31  Zergling x2  
  143  11:34  Zergling x2  
  143  11:38  Zergling x14  
  142  11:41  Baneling  
  142  11:42  Hatchery  
  142  11:45  Spawning Pool  
Show
View Real Time Build Order
Export as new Build Order

ByuN Terran - Winner!

Build Orders: Command Center First (CC) 

Get SALT Encoding   

  12  0:00  SCV  
  13  0:12  SCV  
  14  0:17  Supply Depot  
  14  0:24  SCV  
  15  0:38  SCV  
  16  0:50  SCV  
  17  0:59  Command Center  
  17  1:03  SCV  
  18  1:13  Barracks  
  18  1:15  SCV  
  19  1:20  Refinery  
  19  1:27  SCV  
  19  1:29  Refinery  
  20  1:39  SCV  
  21  1:47  Barracks  
  21  1:51  SCV  
  22  2:00  Barracks Reactor  
  22  2:04  Orbital Command  
  22  2:12  Orbital Command  
  22  2:30  SCV  
  22  2:35  Factory  
  23  2:37  Marine x2  
  23  2:41  SCV, Barracks Tech Lab  
  23  2:42  SCV  
  27  2:44  Supply Depot  
  27  2:53  SCV  
  27  2:54  SCV  
  27  2:56  Marine x2  
  31  3:00  Marine  
  31  3:01  Stimpack  
  31  3:05  SCV  
  33  3:06  SCV  
  33  3:12  Supply Depot  
  34  3:16  Marine x2  
  34  3:18  SCV, Marine  
  34  3:19  SCV  
  39  3:24  Starport  
  39  3:25  Factory Reactor  
  39  3:30  SCV  
  39  3:31  SCV  
  39  3:34  Marine x2  
  41  3:36  Marine  
  41  3:38  Supply Depot  
  44  3:42  SCV  
  44  3:43  SCV  
  46  3:51  Supply Depot  
  46  3:54  SCV  
  46  3:55  SCV, Marine x3  
  51  4:06  SCV, Medivac x2  
  51  4:07  SCV  
  57  4:13  Supply Depot, Marine x3  
  60  4:18  SCV  
  60  4:19  SCV  
  62  4:26  Supply Depot  
  63  4:33  SCV  
  63  4:34  SCV, Marine x3  
  63  4:36  Command Center  
  40  4:38  Medivac  
  69  4:46  Refinery x2  
  69  4:47  Supply Depot, SCV  
  69  4:48  SCV  
  69  4:52  Marine x3  
  74  5:00  Engineering Bay  
  74  5:03  Engineering Bay  
  75  5:07  SCV x2  
  76  5:19  SCV x2  
  76  5:20  Combat Shield  
  78  5:21  Factory Reactor  
  78  5:28  Barracks  
  78  5:29  Starport Reactor  
  78  5:30  Terran Infantry Weapons Level 1  
  78  5:31  SCV x2  
  78  5:32  Terran Infantry Armor Level 1  
  80  5:39  Barracks  
  80  5:42  Barracks  
  80  5:43  SCV x2  
  80  5:44  Marine x2  
  84  5:53  Orbital Command  
  82  6:01  SCV x2  
  82  6:03  Marine x3  
  88  6:04  Widow Mine x2  
  88  6:09  Medivac x2  
  94  6:13  Supply Depot  
  94  6:15  Supply Depot, Armory  
  94  6:16  SCV x2  
  96  6:20  Marine x3  
  96  6:21  Marine x2  
  96  6:22  Orbital Command  
  101  6:27  Barracks Tech Lab  
  101  6:28  Barracks Tech Lab  
  101  6:30  SCV x2  
  102  6:41  Marine x4  
  102  6:42  SCV x2  
  102  6:43  Marauder  
  110  6:48  SCV  
  110  6:53  Supply Depot  
  113  6:54  Supply Depot, SCV x2, Marauder  
  113  6:56  Marauder  
  117  7:07  SCV x3  
  118  7:08  Barracks  
  118  7:10  Barracks  
  118  7:16  Barracks  
  118  7:20  Supply Depot, Marine x4  
  118  7:21  Marauder x2  
  118  7:22  Marauder  
  128  7:27  Widow Mine x2, Terran Infantry Armor Level 2  
  128  7:29  Terran Infantry Weapons Level 2  
  132  7:37  Marine  
  132  7:38  Marine x3  
  132  7:42  Marine  
  132  7:43  Marauder x2  
  141  7:49  Supply Depot  
  141  7:50  Supply Depot  
  141  7:51  Supply Depot, Widow Mine x2  
  145  7:52  Concussive Shells, Medivac x2  
  149  7:58  Barracks Tech Lab  
  149  7:59  Barracks Tech Lab  
  149  8:03  Marine x2  
  142  8:11  Marine x5  
  139  8:21  Marine x2  
  139  8:22  Widow Mine x2  
  139  8:26  Barracks Reactor, Marauder x2  
  145  8:28  Marine x2  
  145  8:29  Marauder x2, Marine  
  145  8:33  Command Center  
  152  8:34  Medivac x2  
  152  8:38  Marine  
  152  8:39  Marine  
  158  8:43  Widow Mine x2  
  158  8:46  Marine x2  
  158  8:47  Marauder x2, Marine  
  169  8:51  Supply Depot, Marauder  
  169  8:52  Supply Depot  
  171  8:56  Marine x2  
  171  8:59  Marine  
  174  9:04  Medivac x2, Widow Mine, Marine  
  174  9:08  Marauder  
  174  9:09  Marine  
  180  9:12  Widow Mine, Marauder x2, Marine x2  
  186  9:17  Marine  
  186  9:18  Marine  
  186  9:20  Marauder  
  190  9:26  Widow Mine  
  190  9:31  Marauder x2  
  188  9:32  Marine  
  188  9:33  Marine  
  188  9:34  Widow Mine, Marauder x2, Marine  
  197  9:39  Medivac  
  197  9:40  Supply Depot  
  197  9:47  Marauder  
  199  9:59  Marine  
  200  10:04  Marauder x2, Marine  
  200  10:05  Widow Mine, Marine x3  
  200  10:06  Marine  
  200  10:07  Marine x2  
  176  10:08  Marine  
  176  10:11  Widow Mine  
  167  10:17  Marine  
  155  10:21  Marine  
  155  10:23  Medivac x2, Marine x3  
  155  10:24  Marine  
  155  10:25  Marauder x3  
  155  10:26  Widow Mine  
  172  10:32  Marine x2  
  172  10:33  Widow Mine  
  172  10:34  Marine  
  177  10:39  Marine  
  177  10:41  Marine x3  
  177  10:42  Marine  
  180  10:46  Marauder x3  
  180  10:49  Sensor Tower, Marine  
  183  10:50  Marauder  
  183  10:51  Sensor Tower  
  183  10:52  Marine  
  183  10:53  Orbital Command  
  185  10:57  Marine  
  185  10:59  Marine x3  
  185  11:00  Marine  
  190  11:10  Marine x2  
  181  11:12  Marauder  
  181  11:13  Widow Mine x2, Marine  
  181  11:17  Marauder x2  
  192  11:21  Marine x3  
  192  11:22  Marine x2  
  192  11:28  Marine  
  192  11:30  Marine  
  192  11:31  Marine  
  181  11:33  Marine  
  181  11:34  Widow Mine x2  
Tags
 
Add a new tag
Caveats
  • Supply blocks, unpowered buildings, or Contaminate may cause inaccurate times.
  • Supply counts are checked every 10 seconds.